Map: Tokamak LE

Players

Harstem - Winner!

  • Race: Protoss Protoss
  • League: Grandmaster
  • Spawn Location: 7:00

Shino

  • Race: Zerg Zerg
  • Spawn Location: 1:00

Event: HomeStory Cup XXVII

VOD

Have the link to the VOD?

Description

Time

  • Played on: June 28, 2025, 12:57 p.m.
  • Length: 16:57

All games in this series

Show
View Real Time Build Order
Export as new Build Order

Harstem Protoss - Winner!

Build Orders: 1 Gate Expand, Oracle Opening, Blink Stalkers, Zealot Archon 

Get SALT Encoding   

  12  0:00  Probe  
  13  0:12  Probe  
  14  0:19  Pylon  
  14  0:24  Probe  
  15  0:33  Probe  
  15  0:37  Gateway  
  15  0:41  Probe  
  16  0:47  Assimilator  
  17  0:51  Probe  
  18  1:03  Probe  
  19  1:15  Probe  
  20  1:22  Nexus  
  20  1:33  Cybernetics Core  
  20  1:41  Assimilator  
  20  1:42  Probe  
  21  1:48  Pylon  
  21  1:54  Probe  
  22  1:59  Adept  
  22  2:06  Probe  
  25  2:15  Stargate  
  25  2:17  Probe  
  26  2:25  Probe  
  26  2:26  Stalker  
  29  2:34  Probe  
  29  2:37  Probe  
  29  2:40  Warp Gate  
  31  2:44  Probe  
  31  2:49  Probe  
  33  2:54  Oracle  
  33  2:56  Probe  
  34  3:01  Probe  
  38  3:08  Probe  
  39  3:13  Probe  
  39  3:19  Nexus  
  40  3:22  Probe  
  40  3:24  Oracle  
  40  3:25  Pylon  
  41  3:28  Probe  
  45  3:36  Probe  
  46  3:43  Probe  
  46  3:48  Probe  
  48  3:49  Twilight Council  
  48  3:51  Pylon, Blink  
  48  4:01  Gateway  
  48  4:03  Gateway  
  48  4:09  Probe x2  
  50  4:10  Gateway  
  50  4:13  Pylon  
  50  4:15  Assimilator  
  48  4:21  Probe  
  49  4:25  Probe  
  49  4:28  Adept  
  49  4:30  Pylon  
  52  4:32  Probe  
  52  4:33  Probe  
  52  4:38  Probe  
  55  4:41  Assimilator  
  55  4:44  Probe  
  55  4:45  Probe  
  57  4:49  Shield Battery  
  57  4:50  Probe, Stalker  
  60  4:56  Probe  
  60  4:57  Probe  
  62  5:00  Stalker  
  62  5:01  Stalker  
  62  5:02  Probe  
  67  5:09  Probe  
  67  5:11  Probe  
  69  5:14  Stalker x2  
  69  5:15  Probe  
  69  5:17  Pylon  
  74  5:22  Probe  
  74  5:23  Probe, Stalker  
  74  5:26  Stalker  
  74  5:27  Probe  
  81  5:34  Probe  
  83  5:35  Probe  
  83  5:37  Stalker x2  
  83  5:40  Pylon  
  83  5:42  Probe  
  88  5:46  Forge  
  89  5:50  Probe  
  89  5:51  Charge  
  89  5:52  Stalker x2  
  93  5:58  Probe  
  93  6:01  Templar Archives  
  93  6:02  Probe  
  96  6:05  Pylon, Probe, Assimilator  
  96  6:09  Assimilator  
  96  6:14  Probe  
  98  6:18  Protoss Ground Weapons Level 1  
  98  6:21  Zealot  
  98  6:24  Gateway, Probe  
  100  6:25  Gateway  
  100  6:27  Gateway  
  100  6:33  Gateway  
  100  6:39  Probe  
  97  6:40  Probe  
  97  6:44  Probe  
  97  6:45  Zealot x4  
  105  6:51  Probe  
  106  6:56  Gateway  
  106  7:00  Gateway  
  99  7:05  Phoenix  
  92  7:10  High Templar x4  
  92  7:15  Archon x2  
  102  7:16  Pylon  
  102  7:18  Probe, Nexus  
  103  7:23  Pylon  
  103  7:24  Probe  
  103  7:25  Robotics Facility  
  103  7:29  Pylon  
  104  7:30  Probe  
  104  7:31  Pylon  
  104  7:32  Probe  
  104  7:35  Zealot x4  
  113  7:42  Zealot x3  
  117  7:45  Probe  
  117  7:48  Probe, Nexus  
  113  7:52  Probe  
  113  7:57  Probe, Zealot x5  
  111  8:00  Probe  
  111  8:03  Psionic Storm  
  111  8:05  Probe  
  103  8:06  High Templar  
  103  8:12  High Templar  
  95  8:13  Probe  
  95  8:17  Probe  
  95  8:18  High Templar x2  
  101  8:28  Probe x2  
  103  8:35  High Templar x2, Zealot  
  103  8:36  Protoss Ground Weapons Level 2, Zealot x3  
  103  8:40  Archon  
  115  8:42  Zealot  
  107  8:54  Zealot  
  107  8:55  Zealot x2  
  107  8:57  Zealot x3  
  109  9:03  High Templar x2  
  109  9:07  Archon  
  113  9:11  Zealot x2  
  113  9:16  Zealot  
  119  9:17  Zealot  
  119  9:20  Probe  
  119  9:22  Probe, Zealot x2  
  118  9:25  Photon Cannon  
  118  9:27  Probe  
  118  9:28  Probe  
  118  9:29  High Templar x2  
  118  9:30  Probe  
  115  9:33  Probe  
  115  9:34  Warp Prism  
  115  9:38  Probe  
  117  9:39  Probe  
  117  9:44  High Templar x2  
  125  9:48  Archon  
  125  9:49  Zealot  
  127  9:53  Archon  
  127  9:55  Zealot x2  
  127  9:58  High Templar x2  
  131  10:03  Archon  
  115  10:18  Probe x2  
  115  10:19  Pylon  
  115  10:20  High Templar  
  115  10:21  Zealot x7  
  131  10:34  Zealot x2  
  135  10:37  Probe  
  135  10:38  Probe x2  
  135  10:40  Assimilator  
  135  10:41  High Templar  
  135  10:42  High Templar, Zealot x4  
  146  10:43  Assimilator  
  146  10:44  Photon Cannon  
  146  10:49  Archon  
  150  10:53  Protoss Ground Weapons Level 3  
  150  10:55  Zealot x3  
  156  10:58  Pylon  
  156  10:59  Pylon  
  156  11:00  Photon Cannon  
  156  11:06  Probe  
  153  11:12  Probe  
  146  11:18  Pylon  
  146  11:24  High Templar x4  
  154  11:30  Zealot x6  
  166  11:37  Probe x2  
  168  11:43  Fleet Beacon  
  168  11:44  Archon  
  168  11:45  Archon  
  166  11:55  Zealot x6  
  168  12:02  Stargate, Probe  
  168  12:03  Probe  
  168  12:06  Photon Cannon  
  166  12:09  Stalker  
  166  12:10  Stalker  
  166  12:11  Stalker  
  162  12:20  Stalker x4  
  166  12:43  Zealot x2  
  162  12:45  Zealot  
  150  12:54  Probe  
  150  12:56  Stalker x5, Carrier  
  150  12:57  Mothership  
  156  13:01  Probe  
  156  13:03  Observer  
  160  13:12  Protoss Air Weapons Level 1  
  167  13:14  Carrier  
  167  13:15  Pylon  
  167  13:24  Pylon  
  167  13:26  Pylon, High Templar x3  
  179  13:30  Pylon  
  179  13:32  Archon, High Templar  
  180  13:40  Stargate  
  180  13:42  Observer  
  178  13:49  Pylon  
  178  13:52  Photon Cannon  
  178  13:53  Zealot  
  178  13:54  Zealot x3  
  187  14:01  Carrier  
  183  14:06  Zealot x5  
  163  14:24  Observer  
  143  14:36  Observer  
  134  14:39  Zealot x8  
  124  14:49  Carrier  
  124  14:50  Probe  
  119  14:53  Observer  
  106  15:31  Zealot x6  
  118  15:38  High Templar x2, Zealot  
  124  15:54  Zealot x3, Nexus  
  124  15:55  Archon  
  124  15:57  Probe  
  130  16:00  Probe  
  132  16:10  Oracle  
  113  16:39  Zealot x2  
  113  16:52  Zealot x2  
Show
View Real Time Build Order
Export as new Build Order

Shino Zerg 

Build Orders: Hatch First, Lurkers 

Get SALT Encoding   

  12  0:00  Drone  
  13  0:13  Overlord  
  13  0:17  Drone  
  14  0:31  Drone x2  
  16  0:46  Hatchery  
  15  0:50  Drone  
  15  0:53  Drone  
  15  0:56  Drone  
  18  1:07  Extractor  
  17  1:12  Spawning Pool  
  17  1:16  Drone  
  18  1:18  Drone  
  18  1:28  Drone  
  19  1:43  Drone  
  20  1:51  Overlord  
  20  1:59  Queen  
  20  2:00  Zergling x2, Queen  
  25  2:10  Zergling x2  
  25  2:12  Metabolic Boost  
  25  2:13  Drone  
  25  2:14  Drone  
  28  2:20  Drone  
  29  2:28  Drone  
  30  2:34  Hatchery  
  29  2:42  Queen  
  31  2:47  Overlord  
  31  2:51  Drone  
  32  2:52  Drone  
  32  2:54  Zergling x2  
  32  2:55  Zergling x2  
  36  2:58  Zergling x2  
  36  3:08  Overlord  
  36  3:10  Queen  
  38  3:19  Drone x3  
  41  3:24  Drone x2  
  43  3:27  Drone x2  
  43  3:28  Drone x2  
  47  3:34  Spore Crawler  
  47  3:39  Drone  
  47  3:42  Drone  
  47  3:43  Drone  
  47  3:45  Queen  
  51  3:55  Spore Crawler  
  49  3:58  Drone x4  
  49  4:00  Drone  
  53  4:03  Drone  
  53  4:05  Drone  
  53  4:07  Drone  
  53  4:08  Drone  
  56  4:14  Spore Crawler  
  54  4:19  Overlord x2  
  54  4:21  Drone x2  
  54  4:24  Drone  
  56  4:30  Drone  
  58  4:34  Evolution Chamber  
  58  4:36  Drone  
  58  4:37  Queen  
  60  4:38  Drone  
  60  4:39  Drone x4  
  60  4:42  Lair  
  60  4:45  Zergling x6, Extractor  
  66  4:47  Zergling x2  
  68  4:54  Hatchery  
  68  4:56  Drone  
  68  4:57  Drone  
  68  4:58  Drone  
  68  4:59  Drone  
  71  5:01  Zerg Melee Weapons Level 1  
  71  5:02  Drone  
  71  5:03  Drone  
  71  5:07  Drone x3  
  74  5:14  Overlord  
  74  5:17  Extractor  
  74  5:18  Extractor  
  74  5:21  Drone x2  
  74  5:22  Overlord x3  
  74  5:30  Overlord  
  74  5:34  Drone x8  
  81  5:39  Baneling Nest  
  80  5:43  Overlord  
  80  5:44  Zergling x4  
  80  5:47  Zergling x8  
  86  5:50  Zergling x4  
  86  5:51  Zergling x4  
  89  5:58  Drone, Extractor  
  89  6:01  Drone, Extractor  
  89  6:03  Drone  
  90  6:06  Zergling x6  
  92  6:11  Zergling x4  
  92  6:12  Queen  
  92  6:19  Zergling x16  
  92  6:25  Centrifugal Hooks, Hydralisk Den  
  99  6:26  Hatchery  
  99  6:30  Zergling x8  
  99  6:36  Zergling x8  
  95  6:44  Zergling x8  
  95  6:46  Zergling x4  
  95  6:47  Zergling x2  
  87  6:56  Hydralisk x7  
  87  6:59  Grooved Spines  
  97  7:01  Hatchery  
  97  7:03  Zergling x8  
  98  7:10  Drone x2  
  98  7:13  Zerg Melee Weapons Level 2  
  98  7:14  Drone x2  
  102  7:16  Drone  
  102  7:17  Drone x3  
  102  7:19  Drone  
  102  7:21  Hydralisk x2, Infestation Pit  
  109  7:30  Hydralisk  
  109  7:31  Hydralisk x2  
  109  7:34  Hydralisk  
  117  7:49  Muscular Augments  
  117  7:50  Hydralisk  
  117  7:51  Hydralisk x7  
  119  7:59  Hatchery  
  119  8:01  Zergling x10  
  117  8:09  Zergling x2  
  117  8:12  Zergling x8  
  111  8:13  Zergling x4  
  111  8:17  Queen  
  115  8:20  Zergling x2  
  115  8:22  Zergling x2  
  117  8:28  Hydralisk x2  
  117  8:33  Drone x3, Queen  
  126  8:39  Hydralisk  
  127  8:41  Zergling x2  
  127  8:42  Overlord  
  127  8:43  Overlord x3  
  119  8:56  Hydralisk  
  119  8:57  Hydralisk x6  
  125  9:06  Hydralisk  
  125  9:07  Hydralisk x3  
  124  9:10  Hydralisk x3  
  124  9:14  Zergling x2  
  124  9:15  Zergling x4  
  126  9:25  Zergling x2  
  126  9:26  Zergling x10  
  126  9:29  Zerg Missile Weapons Level 1, Queen  
  132  9:33  Zergling x14  
  139  9:39  Zergling x8  
  139  9:42  Zergling x6  
  146  9:51  Zergling x16  
  154  9:56  Hive  
  152  10:03  Zergling x16  
  158  10:13  Hydralisk x5  
  151  10:21  Baneling x4  
  151  10:22  Baneling x2  
  151  10:23  Baneling x8  
  151  10:26  Zergling x12  
  137  10:37  Hydralisk x6  
  149  10:46  Zergling x16  
  153  10:52  Lurker Den  
  153  10:55  Hydralisk x2  
  153  10:56  Hydralisk x2  
  160  11:02  Drone x3  
  162  11:05  Zergling x8  
  166  11:12  Overlord  
  166  11:13  Overlord x2  
  161  11:21  Overlord x2  
  161  11:30  Drone x5  
  161  11:32  Overlord x2, Extractor  
  165  11:33  Extractor  
  155  11:45  Zergling x2  
  155  11:46  Zergling x36  
  145  12:14  Zergling x34  
  159  12:23  Seismic Spines  
  158  12:35  Drone  
  158  12:36  Drone x7  
  140  12:49  Zergling x8  
  140  12:50  Zergling x6  
  121  13:11  Lurker x7  
  128  13:20  Adaptive Talons  
  128  13:24  Lurker x4  
  128  13:27  Lurker x5  
  133  13:28  Lurker x2  
  133  13:29  Lurker  
  139  13:41  Spine Crawler  
  139  13:42  Spine Crawler  
  139  13:45  Zergling x2  
  139  13:46  Zergling x14  
  130  14:10  Hydralisk  
  130  14:11  Hydralisk x8  
  129  14:19  Zergling x6  
  124  14:27  Zergling x2  
  124  14:28  Zergling x4  
  113  14:38  Overseer  
  113  14:39  Overseer  
  103  14:46  Zergling x8  
  92  15:02  Drone x5  
  69  15:27  Hydralisk  
  69  15:28  Hydralisk x3  
  68  15:33  Hydralisk x2  
  61  15:45  Hydralisk x2  
  65  15:52  Hydralisk  
  65  15:54  Hydralisk  
  69  15:58  Overseer  
  69  16:00  Lurker  
  69  16:08  Hydralisk x2  
  63  16:30  Hydralisk x4  
Tags
 
Add a new tag
Caveats
  • Supply blocks, unpowered buildings, or Contaminate may cause inaccurate times.
  • Supply counts are checked every 10 seconds.